[Event "Titled Tuesday Blitz June 21 Late 2022"]
[White "Janaszak, Dawid"]
[Black "Oro, Luis"]
[WhiteFideId "1119206"]
[BlackFideId "104094"]
[WhiteElo "2199"]
[BlackElo "2371"]
[Result "1-0"]
[Round "03"]
[TimeControl "180+1"]
[Date "2022.06.22"]
[WhiteClock "0:01:11"]
[BlackClock "0:00:53"]

1. e4 c5 2. Nc3 d6 3. f4 Nf6 4. Nf3 Nc6 5. g3 g6 6. Bg2 Bg7 7. O-O O-O 8. d3 Nd7 9. h3 e6 10. f5 Nde5 11. Nxe5 Bxe5 12. g4 Qh4 13. Be3 Qg3 14. Rf3 Qh2+ 15. Kf1 Nd4 16. Bg1 Nxf3 17. Bxh2 Nxh2+ 18. Kg1 exf5 19. exf5 gxf5 20. g5 Be6 21. Qh5 f6 22. g6 hxg6 23. Qxg6+ Kh8 24. Nd5 Nf3+ 25. Kh1 Nd4 26. Rg1 Ne2 27. Qh6+ Kg8 28. Qg6+ Kh8 29. Qh5+ Kg7 30. Qxe2 1-0


[Site "https://www.chess.com"]

[Event "Titled Tuesday Blitz June 21 Late 2022"]
[White "Jaracz, Pawel"]
[Black "Golubev, Mikhail"]
[WhiteFideId "1102222"]
[BlackFideId "14100983"]
[WhiteElo "2459"]
[BlackElo "2374"]
[Result "1-0"]
[Round "03"]
[TimeControl "180+1"]
[Date "2022.06.22"]
[WhiteClock "0:00:47"]
[BlackClock "0:00:14"]

1. e4 c5 2. Nf3 d6 3. Bb5+ Bd7 4. c4 Nc6 5. O-O Nf6 6. Nc3 g6 7. d4 cxd4 8. Nxd4 Bg7 9. Bxc6 bxc6 10. c5 O-O 11. cxd6 exd6 12. Bf4 Re8 13. Re1 c5 14. Nb3 Bc6 15. Qd3 d5 16. exd5 Rxe1+ 17. Rxe1 Nxd5 18. Be5 Bxe5 19. Rxe5 Nf4 20. Qxd8+ Rxd8 21. Rxc5 Re8 22. h4 Re1+ 23. Kh2 Bxg2 24. Kg3 1-0


[Site "https://www.chess.com"]

[Event "Titled Tuesday Blitz June 21 Late 2022"]
[White "Jiganchine, Roman"]
[Black "Veiga, Jose Francisco R P Neves"]
[WhiteFideId "2603667"]
[BlackFideId "1930087"]
[WhiteElo "2219"]
[BlackElo "2326"]
[Result "0-1"]
[Round "03"]
[TimeControl "180+1"]
[Date "2022.06.22"]
[WhiteClock "0:00:05"]
[BlackClock "0:00:17"]

1. Nf3 g6 2. d4 Bg7 3. e4 c6 4. c3 d5 5. e5 f6 6. exf6 exf6 7. Bd3 Ne7 8. O-O O-O 9. h3 Bf5 10. Re1 Nd7 11. Na3 Re8 12. Bf1 Nf8 13. Nc2 Bxc2 14. Qxc2 Nf5 15. Bf4 Ne6 16. Bh2 Bf8 17. a4 Bd6 18. a5 Bxh2+ 19. Nxh2 a6 20. Ng4 Kg7 21. Ne3 Nd6 22. b4 Qd7 23. g3 Ng5 24. Bg2 Nxh3+ 25. Kh2 Ng5 26. Rad1 Re7 27. c4 dxc4 28. Nxc4 Nxc4 29. Qxc4 Rxe1 30. Rxe1 Re8 31. Rd1 Ne4 32. Qc2 Nd6 33. d5 cxd5 34. Rxd5 Qe7 35. Qd2 Rd8 36. Qc3 Nf7 37. Rc5 Rd7 38. Rc8 Ne5 39. Qc5 Qxc5 40. bxc5 Ng4+ 41. Kg1 Ne5 42. c6 bxc6 43. Bxc6 Rd1+ 44. Kg2 Ra1 45. Bb7 Rxa5 46. Ra8 Ra2 47. Rxa6 Rb2 48. Be4 Ng4 49. Ra7+ Kh6 50. Bf3 Rxf2+ 51. Kh3 Rxf3 52. Kxg4 Rf1 53. Kh3 f5 54. Kg2 Re1 55. Ra4 Kg5 56. Ra7 h5 57. Ra4 Re2+ 58. Kf3 Rb2 59. Rc4 Rb3+ 60. Kg2 Re3 61. Rb4 Re4 62. Rb6 h4 63. gxh4+ Rxh4 64. Kg3 Rd4 65. Rc6 Rd3+ 66. Kf2 Kh5 67. Rb6 g5 68. Rb8 Kg4 69. Rg8 f4 70. Ke2 Rb3 71. Rf8 Kh4 72. Rh8+ Kg3 73. Rg8 g4 74. Rg7 Rb2+ 75. Kd1 Kf3 76. Rg8 g3 77. Rg7 Rf2 78. Kc1 g2 79. Rg6 Rf1+ 80. Kd2 g1=Q 0-1


[Site "https://www.chess.com"]

[Event "Titled Tuesday Blitz June 21 Late 2022"]
[White "Jobava, Baadur"]
[Black "Vasquez Schroeder, Rodrigo"]
[WhiteFideId "13601520"]
[BlackFideId "3400042"]
[WhiteElo "2617"]
[BlackElo "2567"]
[Result "1/2-1/2"]
[Round "03"]
[TimeControl "180+1"]
[Date "2022.06.21"]
[WhiteClock "0:00:35"]
[BlackClock "0:00:10"]

1. e4 c5 2. c3 Nf6 3. e5 Nd5 4. Nf3 d6 5. exd6 Qxd6 6. d4 cxd4 7. Nxd4 a6 8. Bc4 Nf6 9. O-O Nc6 10. Nxc6 Qxc6 11. Be2 e6 12. Bf4 Be7 13. Nd2 O-O 14. Bf3 Qb5 15. Qb3 Qf5 16. Bg3 Ra7 17. a4 Bc5 18. a5 Bd7 19. Rfd1 Bb5 20. h3 e5 21. Re1 Re8 22. Ne4 Nxe4 23. Bxe4 Qf6 24. Rad1 h6 25. Qc2 Bc6 26. b4 Bf8 27. Bh7+ Kh8 28. Qf5 Qxf5 29. Bxf5 f6 30. Bd7 Re7 31. Bxc6 bxc6 32. Rd8 Kg8 33. f4 exf4 34. Rxe7 Rxe7 35. Bxf4 Kf7 36. Ra8 Re4 37. Bb8 c5 38. Ra7+ Kg6 39. Rxa6 cxb4 40. cxb4 Bxb4 41. Kh2 Rc4 42. Bd6 Bxd6+ 43. Rxd6 Ra4 44. a6 h5 45. Kg3 Kf5 46. Rb6 g5 47. Kf3 Ra3+ 48. Ke2 Ke5 49. Kd2 f5 50. Kc2 Kf4 51. Kb2 Ra5 52. Rb4+ Kg3 53. Rb3+ Kxg2 54. Ra3 Rb5+ 55. Kc2 Rb8 56. a7 Ra8 57. Ra5 Kxh3 58. Rxf5 Rxa7 59. Rxg5 h4 60. Kd2 Re7 61. Rg8 Kh2 62. Rg6 h3 63. Rg8 Kh1 64. Rg6 Re4 65. Rg8 Kh2 66. Rg7 Ra4 67. Ke2 Ra2+ 68. Kf1 Rg2 69. Rh7 Rg4 70. Rf7 Kh1 71. Rf8 Ra4 72. Rg8 Ra1+ 73. Kf2 Kh2 74. Rg7 Ra2+ 75. Kf1 Rg2 76. Rh7 Rg3 77. Rf7 Rg4 78. Kf2 Rg1 79. Rh7 Rg2+ 80. Kf1 1/2-1/2


[Site "https://www.chess.com"]

[Event "Titled Tuesday Blitz June 21 Late 2022"]
[White "Khabinets, Ivan"]
[Black "Reprintsev, Alexander"]
[WhiteFideId "14115980"]
[BlackFideId "14100541"]
[WhiteElo "2114"]
[BlackElo "2108"]
[Result "1-0"]
[Round "03"]
[TimeControl "180+1"]
[Date "2022.06.22"]
[WhiteClock "0:01:28"]
[BlackClock "0:00:08"]

1. c4 e5 2. Nc3 Nc6 3. Nf3 Bb4 4. Nd5 e4 5. Nxb4 Nxb4 6. Nd4 Nf6 7. d3 exd3 8. exd3 O-O 9. Be2 d5 10. a3 Nc6 11. Nxc6 bxc6 12. O-O Qd6 13. Be3 d4 14. Bg5 c5 15. b4 Nd7 16. Re1 Bb7 17. Bf3 Bxf3 18. Qxf3 Rae8 19. b5 Ne5 20. Qg3 Ng6 21. Kf1 f6 22. Bd2 Kf7 23. Qh3 h6 24. Qh5 Re5 25. Rxe5 Qxe5 26. Qh3 Qe6 27. Qxe6+ Kxe6 28. Re1+ Kd7 29. f4 a6 30. a4 Ra8 31. a5 Ne7 32. g4 f5 33. h3 fxg4 34. hxg4 c6 35. b6 Rf8 36. Kg2 Ng6 37. Kg3 Rf7 38. f5 Ne7 39. Re5 Ng8 40. Rxc5 Kd6 41. Bb4 Rb7 42. Rd5# 1-0


[Site "https://www.chess.com"]

[Event "Titled Tuesday Blitz June 21 Late 2022"]
[White "Khan, Taffin"]
[Black "Zanette, Edgard Vinicius"]
[WhiteFideId "19700024"]
[BlackFideId "2109263"]
[WhiteElo "1989"]
[BlackElo "2182"]
[Result "0-1"]
[Round "03"]
[TimeControl "180+1"]
[Date "2022.06.22"]
[WhiteClock "0:00:01"]
[BlackClock "0:00:14"]

1. e4 c5 2. Nf3 d6 3. c3 Nf6 4. h3 a6 5. Bd3 Nc6 6. O-O e5 7. Bc2 Be7 8. a3 O-O 9. d4 Qc7 10. Re1 b5 11. d5 Na5 12. Nbd2 c4 13. Nf1 h6 14. g4 Nh7 15. Ng3 Re8 16. Kg2 Bf8 17. Nh4 g6 18. Be3 Qd8 19. Nf3 Ng5 20. Nxg5 hxg5 21. Qd2 f6 22. Rh1 Re7 23. f3 Rh7 24. Rh2 Rb8 25. Rah1 Rbb7 26. h4 gxh4 27. Rxh4 Rxh4 28. Rxh4 Rh7 29. Rxh7 Kxh7 30. Qd1 Kg8 31. Qg1 Qd7 32. Qh2 Qh7 33. Qxh7+ Kxh7 34. Bb6 Nb7 35. Be3 Be7 36. Ne2 Bd8 37. Ng3 Kg7 38. Kf2 Bc7 39. g5 Bd8 40. gxf6+ Bxf6 41. Ne2 Bh4+ 42. Kg2 Kf7 43. f4 Bf6 44. fxe5 Bxe5 45. Nd4 Bd7 46. Nf3 Bf6 47. Bd4 Be7 48. Kg3 Bc8 49. Kf4 Na5 50. Ng5+ Ke8 51. Nf3 Kf7 52. e5 dxe5+ 53. Nxe5+ Ke8 54. Nxg6 Bd6+ 55. Be5 Nb7 56. Bxd6 Nxd6 57. Ke5 Nf7+ 58. Kf6 Nd6 59. Ne5 Bb7 60. Nc6 Kd7 61. Ne5+ Kc7 62. Nf7 Bxd5 63. Nxd6 Kxd6 64. Kf5 Bb7 65. Kf4 Kc5 66. Ke3 Bd5 0-1


[Site "https://www.chess.com"]

[Event "Titled Tuesday Blitz June 21 Late 2022"]
[White "Khismatullin, Denis"]
[Black "Sernecki, Franciszek"]
[WhiteFideId "4142578"]
[BlackFideId "1169297"]
[WhiteElo "2543"]
[BlackElo "2168"]
[Result "1-0"]
[Round "03"]
[TimeControl "180+1"]
[Date "2022.06.21"]
[WhiteClock "0:01:14"]
[BlackClock "0:00:03"]

1. Nf3 Nf6 2. c4 e6 3. Nc3 d5 4. d4 c6 5. Qd3 dxc4 6. Qxc4 b5 7. Qd3 a6 8. e4 c5 9. d5 Be7 10. d6 c4 11. Qd1 Bxd6 12. e5 Nd5 13. Nxd5 exd5 14. exd6 Qxd6 15. Be2 O-O 16. O-O Nc6 17. Nd4 Re8 18. Nxc6 Qxc6 19. Bf3 Bb7 20. Be3 Rad8 21. Bd4 Qg6 22. Qd2 h5 23. a4 h4 24. h3 Bc8 25. Kh1 Bf5 26. axb5 axb5 27. Qf4 Be4 28. Qxh4 Bxf3 29. gxf3 Qf5 30. Qg3 f6 31. Ra7 Rd7 32. Rxd7 Qxd7 33. Qg4 Qf7 34. Rg1 Re2 35. Qc8+ Qf8 36. Qf5 Rd2 37. Bxf6 1-0


[Site "https://www.chess.com"]

[Event "Titled Tuesday Blitz June 21 Late 2022"]
[White "Korchmar, Vasiliy"]
[Black "Toncheva, Nadya"]
[WhiteFideId "24131750"]
[BlackFideId "2924056"]
[WhiteElo "2370"]
[BlackElo "1888"]
[Result "0-1"]
[Round "03"]
[TimeControl "180+1"]
[Date "2022.06.22"]
[WhiteClock "0:00:04"]
[BlackClock "0:00:16"]

1. e4 c5 2. Nf3 d6 3. d4 cxd4 4. Nxd4 Nf6 5. Nc3 Nc6 6. Bb5 Bd7 7. Bg5 e6 8. Qd3 a6 9. Bxc6 bxc6 10. O-O-O c5 11. Nf3 Qc7 12. e5 dxe5 13. Nxe5 Bc6 14. Rhe1 Be7 15. Bxf6 Bxf6 16. Nxc6 Qxc6 17. Nd5 O-O-O 18. c4 exd5 19. cxd5 Qb5 20. Qc2 Rd6 21. Rd3 Bxb2+ 22. Kd1 Rhd8 23. a4 Qxd3+ 24. Qxd3 Rxd5 25. Qxd5 Rxd5+ 26. Kc2 Bf6 27. Re8+ Kd7 28. Ra8 Rd6 29. Kb3 Bd4 30. f3 Rb6+ 31. Kc4 Ke6 32. a5 Rb4+ 33. Kd3 Ra4 34. Rxa6+ Kd5 35. Ra7 c4+ 36. Kc2 Ra2+ 37. Kb1 Ra1+ 38. Kc2 Bxa7 0-1


[Site "https://www.chess.com"]

[Event "Titled Tuesday Blitz June 21 Late 2022"]
[White "Kovacevic, Radmila"]
[Black "Koziorowicz, Michal"]
[WhiteFideId "933171"]
[BlackFideId "21809194"]
[WhiteElo "2115"]
[BlackElo "2202"]
[Result "0-1"]
[Round "03"]
[TimeControl "180+1"]
[Date "2022.06.22"]
[WhiteClock "0:00:01"]
[BlackClock "0:00:57"]

1. e4 c5 2. Nf3 d6 3. d4 cxd4 4. Nxd4 Nf6 5. Nc3 g6 6. Rg1 Bg7 7. g4 O-O 8. g5 Nfd7 9. h4 Nc6 10. Nb3 a5 11. h5 a4 12. Nd2 a3 13. Rb1 Nc5 14. Nd5 Be6 15. Nf4 Bxa2 16. hxg6 fxg6 17. Nf3 Bxb1 18. Bc4+ e6 19. Nxe6 Nxe6 20. Bxe6+ Kh8 21. Nh4 Ne5 22. f4 Qb6 23. Rg3 axb2 24. Be3 Qb4+ 25. Ke2 Bxc2 26. Qh1 Bd3+ 27. Kf2 Qxe4 28. Qh2 b1=Q 29. Rh3 Qf1+ 30. Kg3 Qxe3+ 0-1


[Site "https://www.chess.com"]

[Event "Titled Tuesday Blitz June 21 Late 2022"]
[White "Kravtsiv, Martyn"]
[Black "Fedoseev, Vladimir"]
[WhiteFideId "14113147"]
[BlackFideId "24130737"]
[WhiteElo "2694"]
[BlackElo "2726"]
[Result "1-0"]
[Round "03"]
[TimeControl "180+1"]
[Date "2022.06.21"]
[WhiteClock "0:00:06"]
[BlackClock "0:00:15"]

1. e4 e5 2. Nf3 Nc6 3. Nc3 Nf6 4. a4 Bb4 5. Bd3 Bxc3 6. dxc3 d6 7. O-O a5 8. Nd2 Ne7 9. Nc4 Ng6 10. f3 O-O 11. Ne3 Nf4 12. Re1 Nxd3 13. cxd3 d5 14. Qc2 Be6 15. Nf1 dxe4 16. dxe4 Nd7 17. Be3 Qe7 18. Red1 Nc5 19. Qf2 Nb3 20. Ra3 Rfd8 21. Qc2 Rxd1 22. Qxd1 Rd8 23. Qc2 Nc5 24. Qf2 Nd3 25. Qc2 f5 26. exf5 Bxf5 27. Qb3+ Kh8 28. Qxb7 e4 29. f4 Qd6 30. Qb5 Bg4 31. Qg5 Nxb2 32. Bd4 Rg8 33. Rb3 Nc4 34. Qxg4 c5 35. Bf2 Qd3 36. Qg3 Qd1 37. Rb7 Nd2 38. Be1 Nc4 39. Re7 Qe2 40. Qf2 Qd3 41. Qg3 Qe2 42. h3 h6 43. Qf2 Qd3 44. Qg3 Qe2 45. Bf2 Nd6 46. Rd7 Qa6 47. Qg6 1-0


[Site "https://www.chess.com"]

[Event "Titled Tuesday Blitz June 21 Late 2022"]
[White "Lashkin, Jegor"]
[Black "Maltsevskaya, Aleksandra"]
[WhiteFideId "13907808"]
[BlackFideId "24174041"]
[WhiteElo "2368"]
[BlackElo "2243"]
[Result "1-0"]
[Round "03"]
[TimeControl "180+1"]
[Date "2022.06.21"]
[WhiteClock "0:00:05"]
[BlackClock "0:00:03"]

1. d4 d5 2. c4 c6 3. Nc3 e6 4. e3 Nf6 5. Nf3 Be7 6. Qc2 O-O 7. Bd3 dxc4 8. Bxc4 b5 9. Bd3 a6 10. Ne4 h6 11. O-O Bb7 12. Bd2 Nbd7 13. b4 Rc8 14. Nc5 Nxc5 15. bxc5 Nd7 16. a4 e5 17. Bh7+ Kh8 18. Bf5 exd4 19. exd4 Ra8 20. Qc1 h5 21. Re1 Nf6 22. Bg5 Bc8 23. Qc2 b4 24. Bxc8 Rxc8 25. Qe2 Re8 26. Qxa6 Nd5 27. Bxe7 Rxe7 28. Ne5 Qe8 29. Qd3 Kg8 30. Qd2 Ra8 31. h3 Nc3 32. a5 Qc8 33. Nd3 Rxe1+ 34. Rxe1 Qb7 35. Ra1 Nd5 36. Rb1 Rxa5 37. Qg5 Ra8 38. Qxh5 b3 39. Qd1 Ra3 40. Qc1 Qa6 41. Ne5 Ra2 42. Rxb3 Ra1 43. Rb1 Rxb1 44. Qxb1 Qa4 45. Qe4 f6 46. Ng6 Kf7 47. Nh8+ Kf8 48. Ng6+ Kf7 49. Nf4 Qa1+ 50. Kh2 Qa6 51. Nxd5 cxd5 52. Qxd5+ Kg6 53. Qe4+ Kh6 54. Qe3+ Kg6 55. d5 Qc4 56. d6 Qd5 57. Qc3 Qc6 58. f3 Kh7 59. Qd3+ g6 60. d7 Qxc5 61. d8=Q Qe5+ 62. Kg1 Qe1+ 63. Qf1 1-0


[Site "https://www.chess.com"]

[Event "Titled Tuesday Blitz June 21 Late 2022"]
[White "Le, Tuan Minh"]
[Black "Kadric, Denis"]
[WhiteFideId "12401153"]
[BlackFideId "14403803"]
[WhiteElo "2530"]
[BlackElo "2657"]
[Result "1-0"]
[Round "03"]
[TimeControl "180+1"]
[Date "2022.06.21"]
[WhiteClock "0:00:05"]
[BlackClock "0:00:05"]

1. d4 d6 2. e4 Nf6 3. Nc3 e5 4. Nf3 Nbd7 5. Bc4 Be7 6. O-O O-O 7. Re1 c6 8. a4 h6 9. Ba2 a5 10. Nh4 exd4 11. Qxd4 Ne5 12. f4 Nh7 13. fxe5 Bxh4 14. Rf1 dxe5 15. Qxe5 Qb6+ 16. Kh1 Bf6 17. Qg3 Bg5 18. e5 Be6 19. Bxg5 Nxg5 20. h4 Nh7 21. Bxe6 fxe6 22. Ne4 Qxb2 23. Nd6 Qxc2 24. Qg4 Kh8 25. Nf7+ Rxf7 26. Rxf7 Rg8 27. Raf1 b5 28. axb5 cxb5 29. Qxe6 b4 30. R7f2 Qd3 31. Qf7 Qd4 32. e6 Qxh4+ 33. Kg1 Ng5 34. Qf5 Qg3 35. Re2 Qg4 36. Qxg4 1-0


[Site "https://www.chess.com"]

[Event "Titled Tuesday Blitz June 21 Late 2022"]
[White "Leiva, Gianmarco"]
[Black "Taboas Rodriguez, Daniel"]
[WhiteFideId "3804399"]
[BlackFideId "2208466"]
[WhiteElo "2323"]
[BlackElo "2429"]
[Result "1-0"]
[Round "03"]
[TimeControl "180+1"]
[Date "2022.06.22"]
[WhiteClock "0:00:04"]
[BlackClock "0:00:26"]

1. e4 e6 2. d4 d5 3. Nd2 Nc6 4. Ngf3 Nf6 5. e5 Ne4 6. Bd3 Nxd2 7. Bxd2 Nb4 8. Be2 c5 9. O-O Be7 10. dxc5 Bxc5 11. c3 Nc6 12. b4 Be7 13. a4 Bd7 14. a5 O-O 15. Bd3 f6 16. exf6 Bxf6 17. a6 bxa6 18. Rxa6 e5 19. Qb3 Ne7 20. Re1 Bc8 21. Ra5 Qd6 22. Ng5 Bxg5 23. Bxg5 Bb7 24. Be4 Kh8 25. Bxe7 Qxe7 26. Bxd5 Bxd5 27. Qxd5 Qf6 28. Ra2 Rac8 29. Rc2 e4 30. Qxe4 Rxc3 31. Rxc3 Qxc3 32. Qe7 Kg8 33. h3 Qd2 34. Qe6+ Kh8 35. Qe3 Qxb4 36. Ra1 Qb6 37. Rxa7 Qb1+ 38. Kh2 Qb8+ 39. g3 h6 40. Qd4 Rg8 41. Rd7 Qe8 42. Rd6 Kh7 43. Qd3+ Kh8 44. Rd7 Qe6 45. Qd4 Qg6 46. Rd6 Qf7 47. Rxh6# 1-0


[Site "https://www.chess.com"]

[Event "Titled Tuesday Blitz June 21 Late 2022"]
[White "Levine, Joseph"]
[Black "Zakarian, David"]
[WhiteFideId "30940346"]
[BlackFideId "13301276"]
[WhiteElo "1802"]
[BlackElo "2457"]
[Result "1-0"]
[Round "03"]
[TimeControl "180+1"]
[Date "2022.06.22"]
[WhiteClock "0:00:02"]
[BlackClock "0:00:18"]

1. e4 c5 2. Nf3 Nc6 3. d4 cxd4 4. Nxd4 e5 5. Nb5 d6 6. c4 Be6 7. Be3 Nf6 8. N1c3 a6 9. Na3 g6 10. Nd5 Bg7 11. Bb6 Qc8 12. Nc7+ Ke7 13. Nxa8 Qxa8 14. f3 Bh6 15. Be2 Nd7 16. Bf2 Qc8 17. O-O Na5 18. b3 Nc6 19. Nc2 f6 20. Qd3 Nc5 21. Bxc5 dxc5 22. Rfd1 Nd4 23. Nxd4 cxd4 24. b4 Be3+ 25. Kf1 h5 26. c5 h4 27. Qc2 Bf4 28. Kg1 Be3+ 29. Kh1 Rd8 30. Bc4 Bxc4 31. Qxc4 Qe6 32. Qd3 g5 33. h3 Qc6 34. a4 a5 35. Qc4 Rc8 36. Rdb1 Rc7 37. bxa5 Qxc5 38. Qxc5+ Rxc5 39. Rxb7+ Ke6 40. a6 Ra5 41. a7 d3 42. Rd1 d2 43. Rb3 Bf4 44. Rb6+ Ke7 45. Rb7+ Ke6 46. Kg1 Rxa4 47. Kf1 Be3 48. Ke2 Bxa7 49. Rxd2 Bd4 50. Rc2 Ra6 51. Rbc7 Ra3 52. R2c6# 1-0


[Site "https://www.chess.com"]

[Event "Titled Tuesday Blitz June 21 Late 2022"]
[White "Livaic, Leon"]
[Black "So, Wesley"]
[WhiteFideId "14531534"]
[BlackFideId "5202213"]
[WhiteElo "2540"]
[BlackElo "2742"]
[Result "0-1"]
[Round "03"]
[TimeControl "180+1"]
[Date "2022.06.21"]
[WhiteClock "0:00:03"]
[BlackClock "0:00:05"]

1. d4 Nf6 2. c4 e6 3. Nf3 d5 4. Nc3 c6 5. Bg5 h6 6. Bxf6 Qxf6 7. Qc2 Nd7 8. e4 dxe4 9. Qxe4 g6 10. Bd3 Bg7 11. O-O O-O 12. Rfe1 c5 13. d5 Nb6 14. Rad1 exd5 15. cxd5 Bd7 16. Qe3 c4 17. Bf1 Rfe8 18. Qc5 Bg4 19. d6 Rxe1 20. Rxe1 Rc8 21. Qa3 Bxf3 22. gxf3 Rd8 23. Qxa7 Qxd6 24. Qxb7 Rb8 25. Qe7 Qd2 26. Re2 Qf4 27. Qe3 Qf5 28. f4 Nd7 29. Bh3 Qd3 30. Bxd7 Qxd7 31. Qe4 Qg4+ 32. Qg2 Qh5 33. Qe4 Qg4+ 34. Kf1 Bxc3 35. bxc3 Qh3+ 36. Kg1 Qg4+ 37. Kf1 Rd8 38. Re1 Qh3+ 39. Kg1 Qxc3 40. f5 g5 41. f6 Qxf6 42. Qxc4 Rd2 43. Rf1 h5 44. a4 Rd4 45. Qc8+ Kg7 46. h3 Rxa4 47. Re1 Ra2 48. Qc5 Rd2 49. Re8 Kg6 50. Rg8+ Kh6 51. Rb8 Rd6 52. Qe3 Re6 53. Qd3 Kg7 54. Rb1 Qe5 55. Rf1 h4 56. Qf3 Rf6 57. Qg2 Qf5 58. Re1 Rg6 59. Re4 Kh6 60. Rg4 f6 61. Kh2 Rg7 62. f4 Re7 63. fxg5+ fxg5 64. Rd4 Qe5+ 65. Kh1 Qxd4 66. Qf2 Qe4+ 0-1


[Site "https://www.chess.com"]

[Event "Titled Tuesday Blitz June 21 Late 2022"]
[White "Lopez Gracia, Fernando"]
[Black "Pulpan, Jakub"]
[WhiteFideId "2207184"]
[BlackFideId "302759"]
[WhiteElo "2477"]
[BlackElo "2495"]
[Result "0-1"]
[Round "03"]
[TimeControl "180+1"]
[Date "2022.06.22"]
[WhiteClock "0:00:07"]
[BlackClock "0:02:26"]

1. c4 e6 2. Nf3 d5 3. g3 Nf6 4. Bg2 Be7 5. O-O O-O 6. d4 dxc4 7. Ne5 Nc6 8. Nxc6 bxc6 9. Nc3 Nd5 10. Qa4 Bb7 11. Qxc4 a5 12. Rd1 Ba6 13. Qxc6 Nxc3 14. bxc3 Bxe2 15. Rd2 Ra6 16. Qa4 Bh5 17. Ba3 Bxa3 18. Qxa3 Qb8 19. Rb2 Rb6 20. Rab1 Bg6 21. Rxb6 cxb6 22. Rb5 Bd3 23. Rb2 Qc7 24. Bf1 Bxf1 25. Kxf1 b5 26. Qb3 Rc8 27. Qxb5 Qxc3 28. Rb3 Qa1+ 29. Kg2 Qxa2 30. Rc3 Rd8 31. Rc7 g6 32. Qb7 Qd5+ 33. Qxd5 Rxd5 34. Ra7 h5 35. h4 Kg7 36. Kf3 Kf6 37. Ke4 Rb5 38. Ra6 Kg7 39. Ra7 Rb2 40. f3 Rg2 41. Kf4 Ra2 42. Ke4 a4 43. Kf4 a3 44. Ke4 Ra1 45. Kf4 a2 46. Ra8 Kf6 47. Ra7 Rd1 48. Rxa2 Rxd4+ 49. Ke3 Rb4 50. Kf2 g5 51. hxg5+ Kxg5 52. Ra7 Kg6 53. Ra5 h4 54. gxh4 Rxh4 55. Kg3 Rb4 56. Rc5 f6 57. Ra5 e5 58. Rc5 Kg5 59. Rc3 Ra4 60. Rb3 f5 61. Rc3 Ra1 62. Rc5 Kf6 63. Rc6+ Ke7 64. Rc5 Kd6 65. Rb5 Rg1+ 66. Kf2 Rg8 67. Ke3 Rc8 68. Rb6+ Kd5 69. Rb5+ Rc5 70. Rb4 Rc3+ 71. Ke2 Ke6 72. Rb6+ Kf7 73. Rh6 Kg7 74. Re6 Rc5 75. f4 e4 76. Ke3 Kf7 77. Rb6 Rd5 78. Rh6 Rd3+ 79. Ke2 Rf3 80. Rh4 Ke6 81. Rh6+ Kd5 82. Rh4 Kd4 83. Kd2 Rf2+ 84. Ke1 e3 85. Rh3 Kd3 86. Rh1 Ra2 87. Kf1 Ra1+ 88. Kg2 Rxh1 0-1


[Site "https://www.chess.com"]

[Event "Titled Tuesday Blitz June 21 Late 2022"]
[White "Lopez Perdomo, Juan David"]
[Black "Bintang, Rasyid A. Hidayat"]
[WhiteFideId "4405137"]
[BlackFideId "7105355"]
[WhiteElo "1997"]
[BlackElo "2404"]
[Result "0-1"]
[Round "03"]
[TimeControl "180+1"]
[Date "2022.06.22"]
[WhiteClock "0:00:03"]
[BlackClock "0:00:17"]

1. e4 d5 2. exd5 Nf6 3. Nf3 Nxd5 4. Be2 Bg4 5. O-O e6 6. d4 Be7 7. c3 Nc6 8. Re1 O-O 9. Nbd2 Nb6 10. Nf1 Bf6 11. Ne3 Bh5 12. g4 Bg6 13. g5 Bxg5 14. Nxg5 Qxg5+ 15. Kh1 Qh4 16. Ng2 Qf6 17. Nf4 Nd5 18. Nxg6 Qxg6 19. Bf3 Qf6 20. Rg1 h6 21. Rg3 Nce7 22. Qg1 Nf5 23. Rg4 Nh4 24. Be4 Nf5 25. Bd2 Kh8 26. Qg2 c6 27. Rg1 Rg8 28. Qh3 b5 29. R1g2 a5 30. Qh5 g6 31. Qh3 h5 32. Bg5 Qg7 33. Bxf5 exf5 34. Rh4 f6 35. Bd2 Qh7 36. b3 Rae8 37. c4 bxc4 38. bxc4 Nb6 39. Rg1 Nxc4 40. Bc1 Nd6 41. d5 Ne4 42. Kg2 cxd5 43. Bb2 Qf7 44. Re1 Rb8 45. Rexe4 dxe4 46. Rxh5+ gxh5+ 47. Kf1 Rxb2 48. Qxf5 Qg6 49. Qxf6+ Qxf6 0-1


[Site "https://www.chess.com"]

[Event "Titled Tuesday Blitz June 21 Late 2022"]
[White "Luo, Terry"]
[Black "Do Valle Cardoso, Lucas"]
[WhiteFideId "30931045"]
[BlackFideId "2163144"]
[WhiteElo "2024"]
[BlackElo "2277"]
[Result "1-0"]
[Round "03"]
[TimeControl "180+1"]
[Date "2022.06.22"]
[WhiteClock "0:02:07"]
[BlackClock "0:00:11"]

1. d4 d5 2. c4 e6 3. Nf3 Nf6 4. g3 Be7 5. Bg2 O-O 6. O-O dxc4 7. Qc2 a6 8. a4 Nc6 9. Qxc4 Nb4 10. Bd2 b5 11. Qb3 bxa4 12. Rxa4 Nbd5 13. Nc3 Bd7 14. Raa1 Rb8 15. Qc2 Nb4 16. Qc1 Bc6 17. Bf4 Nbd5 18. Nxd5 Bxd5 19. Bxc7 Qd7 20. Bxb8 Rxb8 21. Ne5 Qb5 22. Bxd5 Nxd5 23. Qc4 Qxb2 24. Rfb1 Qxb1+ 25. Rxb1 Rxb1+ 26. Kg2 g6 27. Qxa6 Rb6 28. Qa8+ Kg7 29. e4 Nc3 30. Qe8 Rb7 31. Qxf7+ Kh6 32. Ng4+ Kg5 33. f4+ Kxg4 34. Qxe6+ Kh5 35. Qh3+ Bh4 36. Qxh4# 1-0


[Site "https://www.chess.com"]

[Event "Titled Tuesday Blitz June 21 Late 2022"]
[White "Makarian, Rudik"]
[Black "Hansen, Eric"]
[WhiteFideId "44105681"]
[BlackFideId "2606771"]
[WhiteElo "2398"]
[BlackElo "2568"]
[Result "0-1"]
[Round "03"]
[TimeControl "180+1"]
[Date "2022.06.21"]
[WhiteClock "0:00:02"]
[BlackClock "0:01:00"]

1. d3 d5 2. f4 Nc6 3. Nf3 Bg4 4. Nbd2 e6 5. e3 Bc5 6. d4 Bd6 7. c3 Nce7 8. h3 Bxf3 9. Nxf3 c5 10. Bb5+ Nc6 11. O-O Ne7 12. Qe2 O-O 13. Bd3 Qc7 14. Bd2 cxd4 15. cxd4 Qb6 16. Ne5 Rad8 17. Bc3 Bb4 18. Bxb4 Nxb4 19. Bb1 f6 20. Qh5 Nf5 21. g4 fxe5 22. gxf5 exf5 23. fxe5 g6 24. Qg5 Kh8 25. Rf2 Rc8 26. a3 Rc1+ 27. Kg2 Nd3 28. Bxd3 Rxa1 29. h4 Rd1 30. Be2 Rd2 31. Qe7 Qd8 32. Qb4 Rc2 33. Kg3 Rf7 34. Qb3 Rfc7 35. Bf3 Rxf2 36. Kxf2 Qxh4+ 37. Kg2 Qg5+ 38. Kf2 f4 39. Qxd5 Rc2+ 40. Kf1 fxe3 41. Qd6 Rf2+ 0-1


[Site "https://www.chess.com"]

[Event "Titled Tuesday Blitz June 21 Late 2022"]
[White "Mangialardo, Tiago Carvalho"]
[Black "Sadilek, Peter"]
[WhiteFideId "2130718"]
[BlackFideId "1616439"]
[WhiteElo "2094"]
[BlackElo "2145"]
[Result "0-1"]
[Round "03"]
[TimeControl "180+1"]
[Date "2022.06.22"]
[WhiteClock "0:00:06"]
[BlackClock "0:00:14"]

1. e4 c5 2. Nf3 g6 3. d3 Bg7 4. Be2 Nc6 5. O-O d6 6. Nc3 Nf6 7. Be3 O-O 8. Qd2 Ng4 9. Bf4 Nd4 10. Bd1 e5 11. Bg3 f5 12. exf5 gxf5 13. h3 Bh6 14. Qe1 f4 15. Bh2 Nf6 16. Ne4 Kh8 17. c3 Nf5 18. Nfg5 Nxe4 19. Nxe4 Rg8 20. Kh1 Nh4 21. Rg1 Bf5 22. g3 Ng6 23. g4 Bd7 24. f3 Bc6 25. c4 Bf8 26. a3 d5 27. cxd5 Qxd5 28. Qc3 Qd4 29. Nf6 Rg7 30. Rc1 Rf7 31. Ne4 Rd7 32. Qxd4 Rxd4 33. Be2 b6 34. Rgd1 Ba4 35. Bg1 Bxd1 36. Rxd1 Rad8 37. Bxd4 Rxd4 38. Nf6 Be7 39. Ne4 a5 40. Kg2 Kg7 41. Kh1 Kf7 42. Kg2 Ke6 43. Nc3 Rd8 44. Ne4 Kd5 45. Nc3+ Kc6 46. Kf2 Bh4+ 47. Kg2 Bg3 48. a4 Nh4+ 49. Kg1 Rd4 50. b3 Rb4 51. Rb1 Ng6 52. Ne4 Bh4 53. Nd2 Be7 54. Nc4 Bf6 55. Bd1 e4 56. fxe4 Bd4+ 57. Kg2 Nh4+ 58. Kf1 b5 59. axb5+ Kxb5 60. Be2 a4 61. Ne5 Rxb3 62. Rxb3+ axb3 63. Nc4 b2 64. Nxb2 Bxb2 65. Ke1 Bc3+ 66. Kd1 f3 67. Bf1 Bd4 68. Kc2 Kb4 69. Kd2 Ng2 70. g5 Nf4 71. h4 Bf2 72. e5 Bxh4 73. Ke3 Bxg5 74. Kxf3 Kc3 75. Kg4 h6 76. Kf5 Nxd3 77. e6 Nb4 78. Bh3 Kd4 79. Kg6 c4 80. Kf7 Nd5 81. Bf5 c3 82. Kg6 Ne3 83. Bb1 c2 84. Bxc2 Nxc2 85. Kf7 h5 86. e7 Bxe7 87. Kxe7 h4 0-1


[Site "https://www.chess.com"]